 Dungeon Crawl Stone Soup version 0.18-a0-844-g9229740 (webtiles) character file.

39 WhatsThis the Magician (level 3, 0/31 HPs)
             Began as a Troll Wizard on Dec 18, 2015.
             Slain by Ijyb (1 damage)
             ... on level 2 of the Dungeon.
             The game lasted 00:27:34 (1279 turns).

WhatsThis the Magician (Troll Wizard)               Turns: 1279, Time: 00:27:36

Health: 0/31       AC:  5    Str: 16      XL:     3   Next: 26%
Magic:  0/5        EV:  9    Int: 14      God:
Gold:   80         SH:  0    Dex:  7 (8)  Spells: 3 memorised, 1 level left

rFire  . . .     SeeInvis .     e - -3 spear (curse)
rCold  . . .     Gourm    +     a - +0 robe
rNeg   . . .     Faith    .     (no shield)
rPois  .         Spirit   .     b - +0 hat
rElec  .         Dismiss  .     (no cloak)
rCorr  .         Reflect  .     (gloves unavailable)
SustAt .         Harm     .     (boots unavailable)
MR     .....                    (no amulet)
Stlth  +.........               (no ring)
                                (no ring)

@: very slightly contaminated, not resistant to hostile enchantments, very
unstealthy
A: unfitting armour, claws 3, fast metabolism 3, gourmand, regeneration 2,
shaggy fur 1, tough skin 2
a: no special abilities


You were on level 2 of the Dungeon.
You were not hungry.

You visited 1 branch of the dungeon, and saw 2 of its levels.

You collected 80 gold pieces.

Inventory:

Hand Weapons
 e - a cursed -3 spear (weapon)
 h - a +2 dagger of venom
 j - a cursed -2 dagger (quivered)
 k - a +0 dagger
 l - a +0 hunting sling
Missiles
 g - 21 arrows
 o - 11 poisoned needles
 r - 8 sling bullets of frost
Armour
 a - a +0 robe (worn)
 b - a +0 hat (worn)
Books
 c - a book of Minor Magic

   Spells                             Type                      Level
   a - Magic Dart                     Conjuration                  1
   b - Blink                          Translocation                2
   c - Call Imp                       Summoning                    2
   d - Repel Missiles                 Charms/Air                   2
   e - Slow                           Hexes                        2
   f - Conjure Flame                  Conjuration/Fire             3
   g - Mephitic Cloud                 Conjuration/Poison/Air       3
Comestibles
 d - 2 bread rations


   Skills:
 + Level 0.2 Fighting
 + Level 0.4 Polearms
 + Level 2.0 Dodging
 + Level 1.3 Stealth
 + Level 2.3 Spellcasting
 + Level 0.7 Conjurations
 + Level 0.6 Summonings
 + Level 0.6 Translocations


You had one spell level left.
You knew the following spells:

 Your Spells              Type           Power        Failure   Level  Hunger
a - Magic Dart            Conj           #...         21%         1    #......
b - Blink                 Tloc           N/A          30%         2    ###....
c - Call Imp              Summ           #.......     30%         2    ###....


Dungeon Overview and Level Annotations

Branches:
Dungeon (2/15)

Altars:

Annotations:
D:2 Ijyb


Innate Abilities, Weirdness & Mutations

You are too large for most types of armour.
You have claws for hands.
Your metabolism is lightning-fast.
You like to eat raw meat.
You heal very quickly.
You are covered in fur (AC +1).
You have very tough skin (AC +2).


Message History

A beastly little devil appears in a puff of flame.
The jackal bites you but does no damage.
Ijyb hits you.
* * * LOW HITPOINT WARNING * * *
The jackal bites you but does no damage. x2
You barely miss Ijyb.
Ijyb is severely wounded.
The jackal bites you but does no damage.
Ijyb hits you.
* * * LOW HITPOINT WARNING * * *
The jackal barely misses you. x2
Your crimson imp barely misses the jackal.
Ijyb barely misses you.
You hit Ijyb but do no damage.
Ijyb is severely wounded.
The jackal barely misses you. The jackal bites you.
* * * LOW HITPOINT WARNING * * *
Your crimson imp closely misses the jackal.
The jackal barely misses you. Ijyb hits you.
You die...

#...... #.##### ### #.....# #...
#.......#..# #.. +.....# #.##
#.......#..######.###.....## #.#
+..........................###.#
#.......#..######.###.......##.#
#.......%..# #.# #######!##.#
#......##..# #5# #.##.#
#..<....######h# ###'##.#
#.[.......†rg@h# #......##
#.......######## #......'.
#.......##### #......##
#...........# #......#
#.#####.....# #......#
#.....#g....# #......#
#####.#..l..# #......# #.#.....#
#####'### #.#.....# #..##


You could see Ijyb, 2 jackals, a rat and a friendly crimson imp.

Vanquished Creatures
  A worm (D:2)
  3 giant geckos
  A ball python (D:2)
  7 hobgoblins
  3 bats
  3 giant newts (D:2)
  8 goblins
  5 rats
31 creatures vanquished.

Vanquished Creatures (collateral kills)
  A jackal (D:2)
1 creature vanquished.

Grand Total: 32 creatures vanquished

Notes
Turn   | Place    | Note
--------------------------------------------------------------
     0 | D:1      | WhatsThis the Troll Wizard began the quest for the Orb.
     0 | D:1      | Reached XP level 1. HP: 16/16 MP: 2/2
   288 | D:1      | Reached XP level 2. HP: 24/24 MP: 2/4
   986 | D:2      | Reached XP level 3. HP: 19/31 MP: 2/5
  1089 | D:2      | Learned a level 2 spell: Blink
  1092 | D:2      | Learned a level 2 spell: Call Imp
  1194 | D:2      | Noticed Ijyb
  1278 | D:2      | HP: 1/31 [Ijyb (1)]
  1279 | D:2      | Slain by Ijyb

Vault maps used:
D:1:      eino_arrival_cavern_c
D:2:      uniq_jessica, uniq_iyjb, uniq_crazy_yiuf_cottage

Action                   || total
-------------------------++-------
Melee: Spear             ||   258
       Unarmed           ||     6
 Cast: Magic Dart        ||    22
       Call Imp          ||     3
  Use: Scroll            ||     4
       Potion            ||     3
 Stab: Sleeping          ||     1
  Eat: Chunk             ||    14
